 Dungeon Crawl Stone Soup version 0.29.1-12-g30fa7ad0bf (webtiles) character file.

Game seed: 4912030510345956171

189 croobank the Sneak (level 5, -2/34 HPs)
             Began as an Octopode Fire Elementalist on Jan 13, 2023.
             Slain by Grinder (4 damage)
             ... on level 3 of the Dungeon.
             The game lasted 00:07:17 (3660 turns).

croobank the Sneak (Octopode Fire Elementalist)     Turns: 3660, Time: 00:07:18

Health: -2/34      AC:  1    Str:  8    XL:     5   Next: 68%
Magic:  3/9        EV: 13    Int: 19    God:
Gold:   86         SH:  0    Dex: 12    Spells: 3/9 levels left

rFire   . . .      SeeInvis .   b - +2 dagger (speed)
rCold   . . .      Faith    .   (no shield)
rNeg    . . .      Spirit   .   (helmet restricted)
rPois   +          Reflect  .   (no amulet)
rElec   .          Harm     .   c - ring of poison resistance
rCorr   .          Rampage  .   (no ring)
Will    .....                   (no ring)
Stlth   +++.......              (no ring)
HPRegen 0.11/turn               (no ring)
MPRegen 0.11/turn               (no ring)
                                (no ring)
                                (no ring)

@: very slightly contaminated
A: almost no armour, amphibious, 8 rings, camouflage 1, gelatinous body 1,
(nimble swimmer 1), tentacles
a: no special abilities


You were on level 3 of the Dungeon.
You visited 1 branch of the dungeon, and saw 3 of its levels.

You collected 86 gold pieces.

Inventory:

Hand Weapons
 b - a +2 dagger of speed (weapon)
Armour
 j - a +0 kite shield
Jewellery
 c - a ring of poison resistance (left tentacle)
Scrolls
 f - a scroll of enchant armour {unknown}
 i - a scroll of identify {unknown}
Potions
 a - a potion of magic
 d - 2 potions of curing {unknown}
 e - 3 potions of mutation {unknown}
 g - a potion of ambrosia {unknown}
 h - 2 potions of brilliance {unknown}


   Skills:
 + Level 1.9 Fighting
 + Level 2.7 Dodging
 + Level 4.1 Stealth
 + Level 0.7 Shields
 + Level 2.7 Spellcasting
 + Level 2.1 Conjurations
 + Level 0.6 Hexes
 + Level 3.6 Fire Magic


You had 3 spell levels left.
You knew the following spells:

 Your Spells              Type           Power      Damage    Failure   Level
a - Foxfire               Conj/Fire      52%        2x1d6     4%          1
b - Scorch                Fire           32%        2d6       5%          2
c - Inner Flame           Hex/Fire       10%        N/A       21%         3

Your spell library contained the following spells:

 Spells                   Type           Power      Damage    Failure   Level
 Shock                    Conj/Air       24%        1d4       11%         1
 Conjure Flame            Conj/Fire      13%        6-21      14%         3
 Tukima's Dance           Hex            5%         N/A       34%         3
 Portal Projectile        Hex/Tloc       6%         N/A       38%         3
 Swiftness                Air            2%         N/A       43%         3
 Flame Wave               Conj/Fire      13%        2d6       43%         4
 Fireball                 Conj/Fire      6%         3d5       80%         5
 Airstrike                Air            1%         2d(1-17)  83%         4
 Iskenderun's Battlesphe  Conj           10%        2d6       88%         5
 Blade Hands              Tmut           1%         N/A       99%         5
 Conjure Ball Lightning   Conj/Air       3%         3x3d6     100%        6
 Orb of Destruction       Conj           5%         9d5       100%        7


Dungeon Overview and Level Annotations

Branches:
Dungeon (3/15)

Altars:
Hepliaklqana
Xom
The Shining One

Annotations:
D:3 1 runed translucent door, Crazy Yiuf, Grinder


Innate Abilities, Weirdness & Mutations

You cannot wear most types of armour.
You are amphibious.
You can wear up to eight rings at the same time.
Your skin changes colour to match your surroundings (Stealth+).
Your rubbery body absorbs attacks. (AC +1, EV +1)
((You are camouflaged when in or above water. (Stealth+)))
You have tentacles for arms and can constrict up to eight enemies at once.


Message History

Your foxfire dissipates!
The foxfire hits Grinder.
Grinder is lightly wounded.
You miscast Foxfire.
You are very lightly contaminated with residual magic.
Nothing appears to happen.
Grinder attacks as you move away! Grinder barely misses you.
Grinder gestures at you. Pain shoots through your body!
You conjure some foxfire!
You conjure some foxfire!
The foxfire hits Grinder but does no damage.
Grinder is lightly wounded.
The foxfire hits Grinder but does no damage.
Grinder is lightly wounded.
Grinder closely misses you.
You hit Grinder. You grab Grinder.
Grinder is lightly wounded.
You constrict Grinder, but do no damage.
The foxfire hits Grinder.
Grinder is lightly wounded.
The foxfire hits Grinder.
Grinder is lightly wounded.
You conjure some foxfire!
You constrict Grinder. Grinder hits you!
You hit Grinder but do no damage.
Grinder is moderately wounded.
You constrict Grinder.
The foxfire hits Grinder.
Grinder is moderately wounded.
The foxfire hits Grinder but does no damage.
Grinder is moderately wounded.
Grinder hits you.
You writhe in agony.
* * * LOW HITPOINT WARNING * * *
Casting: Foxfire (safe; 4% risk of failure)
Confirm with . or Enter, or press ? or * to list all spells.
Flames lash Grinder.
Grinder is heavily wounded.
Grinder's fire resistance burns away.
You constrict Grinder. Grinder hits you!
* * * LOW HITPOINT WARNING * * *
You writhe in agony.
You die...

########## ###
#........# #..
###.######.# ####..
#...#......# ..#...
#.###.######.# #.#...
#.# #...<....# #.#...
#.# #..#.########.#...
#.# #.§....>..........
##.###@...#...#[##.#[..
#.....5...#.#...##.....
######.#..#.##..##..†..
#.####.##...#.....
#...5#.###....####
####.#.#.......#
..#..†....#
###..)....##
#........##


You could see Grinder (combustible).

Vanquished Creatures
  Terence (D:3)
  Natasha (twice) (D:2)
  4 adders
  3 worms (D:2)
  2 dart slugs
  3 orcs (D:3)
  5 bats
  11 endoplasms
  5 giant cockroaches
  8 goblins
  3 hobgoblins
  A kobold (D:1)
  A quokka (D:1)
  4 ball pythons
  2 frilled lizards (D:2)
  6 rats
61 creatures vanquished.

Vanquished Creatures (others)
  266 foxfires
266 creatures vanquished.

Grand Total: 327 creatures vanquished

Notes
Turn   | Place    | Note
-------+----------+-------------------------------------------
     0 | D:1      | croobank the Octopode Fire Elementalist began the quest for
                  | the Orb.
     0 | D:1      | Reached XP level 1. HP: 11/11 MP: 3/3
   358 | D:1      | Reached XP level 2. HP: 17/17 MP: 0/5
   424 | D:1      | Learned a level 2 spell: Scorch
   506 | D:1      | Reached skill level 3 in Stealth
   769 | D:1      | Found a faded altar of an unknown god.
  1002 | D:1      | Reached XP level 3. HP: 20/22 MP: 2/6
  1006 | D:1      | Learned a level 3 spell: Inner Flame
  1294 | D:2      | Reached skill level 1 in Fighting
  1672 | D:2      | Found a shimmering altar of Xom.
  2151 | D:2      | Noticed Natasha
  2154 | D:2      | Reached XP level 4. HP: 27/28 MP: 4/7
  2157 | D:2      | Killed Natasha
  2517 | D:2      | Noticed Natasha
  2525 | D:2      | Killed Natasha
  2526 | D:2      | Reached XP level 5. HP: 24/34 MP: 0/8
  3000 | D:3      | Reached skill level 4 in Stealth
  3044 | D:3      | Found a hazy altar of Hepliaklqana.
  3046 | D:3      | Found a shimmering altar of Xom.
  3047 | D:3      | Noticed a spectral ugly thing
  3153 | D:3      | Noticed Terence
  3227 | D:3      | Killed Terence
  3337 | D:3      | Found a glowing golden altar of the Shining One.
  3583 | D:3      | Found a runed translucent door.
  3584 | D:3      | Noticed Crazy Yiuf
  3649 | D:3      | Noticed Grinder
  3660 | D:3      | Slain by Grinder

Illustrated notes

Levels and vault maps discovered:
D:1:      minmay_arrival_arboretum_small, layout_loops_ring,
          shapermc_ecumenical_altar_pompeii, minmay_liquid_box
D:2:      layout_rooms, basic_altar, uniq_natasha
D:3:      layout_basic, lemuel_doored_altar, regret_index_temple_of_mockery,
          uniq_terence, uniq_crazy_yiuf_cottage, uniq_grinder

Skill      XL: |  1  2  3  4  5 |
---------------+----------------+-----
Stealth        | 3 4 |  4.1
Fighting       | 1 |  1.9
Conjurations   | 2 |  2.1
Dodging        | |  2.7
Shields        | |  0.7
Spellcasting   | |  2.7
Hexes          | |  0.6
Fire Magic     | |  3.6

Action                   |  1- 3 |  4- 6 || total
-------------------------+-------+-------++-------
Melee: Dagger            |    23 |    19 ||    42
       Tentacles         |     3 |     3 ||     6
       Constrict         |     4 |     5 ||     9
       Punch             |       |     1 ||     1
 Cast: Foxfire           |    91 |    69 ||   160
       Scorch            |       |     3 ||     3
  Use: Scroll            |       |     5 ||     5
 Stab: Sleeping          |     2 |     2 ||     4
Armor: Skin              |     5 |     1 ||     6
Dodge: Dodged            |    23 |    14 ||    37
